 Dungeon Crawl Stone Soup version 0.25-a0-597-gb30770a (webtiles) character file.

Game seed: 14824631781937257237, levelgen mode: deterministic

24901 Auros the Grappler (level 12, 0/100 HPs)
             Began as a Pale Draconian Transmuter on Mar 14, 2020.
             Was a High Priest of Wu Jian.
             Slain by a seven-headed hydra (13 damage)
             ... on level 3 of the Lair of Beasts on Mar 15, 2020.
             The game lasted 02:22:58 (21597 turns).

Auros the Grappler (Pale Draconian Transmuter)     Turns: 21597, Time: 02:23:02

Health: 0/100      AC: 13    Str: 13    XL:     12   Next: 84%
Magic:  28/28      EV: 14    Int: 18    God:    Wu Jian [*****.]
Gold:   632        SH:  3    Dex: 12    Spells: 1/21 levels left

rFire    . . .     SeeInvis .     - Unarmed
rCold    . . .     Gourm    .   (no shield)
rNeg     . . .     Faith    .   (armour unavailable)
rPois    .         Spirit   .   h - +0 hat
rElec    .         Reflect  +   b - +1 cloak {MR+}
rCorr    .         Harm     .   J - +2 pair of gloves
MR       +....                  (no boots)
Stlth    +.........             d - +3 amulet of reflection
HPRegen  0.26/turn              P - ring of magical power
MPRegen  0.21/turn              (no ring)

@: no status effects
A: breathe steam, unfitting armour, cold-blooded, AC +8
a: Breathe Steam, Wall Jump, Serpent's Lash, Heavenly Storm, Renounce Religion


You were on level 3 of the Lair of Beasts.
You worshipped Wu Jian.
Wu Jian was extremely pleased with you.
You were not hungry.

You visited 2 branches of the dungeon, and saw 13 of its levels.

You collected 632 gold pieces.

Inventory:

Hand Weapons
 A - the +1 mace "Impslayer" {freeze, +Inv rF+ Str+3}
   (You found it on level 7 of the Dungeon)

   It has been specially enchanted to freeze those struck by it, causing extra
   injury to most foes and up to half again as much damage against particularly
   susceptible opponents.
   It can also slow down cold-blooded creatures.
   It affects your strength (+3).
   It protects you from fire.
   It lets you turn invisible.
Missiles
 a - 334 arrows
 n - 7 curare-tipped darts
 Z - 509 stones (quivered)
Armour
 b - a +1 cloak of magic resistance (worn)
 h - a +0 hat (worn)
 J - a +2 pair of gloves (worn)
Jewellery
 d - a +3 amulet of reflection (around neck)
 P - a ring of magical power (left hand)
Wands
 f - a wand of enslavement (8)
 y - a wand of random effects (29)
 C - a wand of acid (21)
 H - a wand of flame (34)
 L - a wand of polymorph (13)
 N - a wand of iceblast (18)
 V - a wand of scattershot (7)
Scrolls
 c - 11 scrolls of remove curse
 i - 2 scrolls of identify
 j - 2 scrolls of amnesia
 p - 4 scrolls of summoning {unknown}
 t - a scroll of teleportation
 u - 2 scrolls of enchant weapon
 v - a scroll of immolation {unknown}
 B - a scroll of random uselessness {unknown}
 G - 2 scrolls of magic mapping
 M - a scroll of vulnerability
 O - 2 scrolls of fear
 Q - a scroll of holy word {unknown}
 R - a scroll of brand weapon {unknown}
 W - a scroll of silence {unknown}
 Y - a scroll of blinking {unknown}
Potions
 e - 7 potions of curing
 g - 3 potions of stabbing
 k - 2 potions of haste
 l - 3 potions of ambrosia
 o - 2 potions of degeneration
 q - a potion of brilliance {unknown}
 r - 3 potions of flight
 s - 4 potions of lignification
 D - a potion of cancellation {unknown}
 K - 2 potions of resistance
 S - 3 potions of might
 T - 2 potions of invisibility
 U - a potion of heal wounds
Comestibles
 z - 23 rations


   Skills:
 + Level 7.6 Fighting
 + Level 4.9 Dodging
 - Level 14.0 Unarmed Combat
 + Level 5.0 Spellcasting
 - Level 12.0 Transmutations
 - Level 3.1 Ice Magic
 + Level 6.0 Evocations


You had one spell level left.
You knew the following spells:

 Your Spells              Type           Power        Failure   Level  Hunger
a - Beastly Appendage     Tmut           #####.       1%          1    None
b - Spider Form           Tmut/Pois      ####......   3%          3    ##.....
c - Sticks to Snakes      Tmut           #####...     1%          2    #......
d - Animate Skeleton      Necr           N/A          13%         1    None
e - Blade Hands           Tmut           #####.....   2%          5    ######.
f - Frozen Ramparts       Ice            ###...       11%         3    ##.....
g - Ice Form              Ice/Tmut       ####....     6%          4    ####...
h - Apportation           Tloc           #.....       13%         1    None

Your spell library contained the following spells:

 Spells                   Type           Power        Failure   Level  Hunger
 Freeze                   Ice            ###.         3%          1    None
 Corona                   Hex            #......      13%         1    None
 Pain                     Necr           #...         13%         1    None
 Summon Butterflies       Summ           #.......     13%         1    None
 Summon Small Mammal      Summ           #...         13%         1    None
 Ozocubu's Armour         Chrm/Ice       ##......     22%         3    ##.....
 Alistair's Intoxication  Tmut/Pois      ####....     30%         5    ######.
 Lesser Beckoning         Tloc           #.........   36%         3    ##.....
 Tukima's Dance           Hex            #.......     36%         3    ##.....
 Vampiric Draining        Necr           #.........   36%         3    ##.....
 Hailstorm                Conj/Ice       ##......     56%         4    ####...
 Summon Ice Beast         Ice/Summ       ##......     56%         4    ####...
 Metabolic Englaciation   Hex/Ice        ##........   89%         5    ######.
 Invisibility             Hex            #.......     100%        6    #######


Dungeon Overview and Level Annotations

Branches:
Dungeon (10/15)            Temple (0/1) D:5            Lair (3/6) D:10
  Snake (0/4) Lair:2
  Swamp: Lair:2-4    Shoals: Lair:2-4       Orc: D:9-12

Altars:
Cheibriados
Elyvilon
Fedhas
Gozag
Hepliaklqana
Kikubaaqudgha
Nemelex Xobeh
Qazlal
Sif Muna
Trog
Vehumet
Wu Jian
Xom
Yredelemnul
Zin
The Shining One

Shops:
D:9 *(%

Annotations:
D:4 1 runed translucent door, dotty's ghost, novice DsBe
D:9 5 exclusions
Lair:2 exclusion: oklob plant


Innate Abilities, Weirdness & Mutations

You can breathe blasts of scalding, opaque steam.
Your pale cyan-grey scales are hard. (AC +8)
You cannot fit into any form of body armour.
You are cold-blooded and may be slowed by cold attacks.


Message History

You hit the seven-headed hydra. You tail-slap the seven-headed hydra.
You punch the seven-headed hydra!
The seven-headed hydra is severely wounded.
The seven-headed hydra completely misses you.
The seven-headed hydra bites you!
* * * LOW HITPOINT WARNING * * *
The seven-headed hydra bites you!
* * * LOW HITPOINT WARNING * * *
The seven-headed hydra bites you.
* * * LOW HITPOINT WARNING * * *
The seven-headed hydra bites you!
* * * LOW HITPOINT WARNING * * *
You block the seven-headed hydra's attack.
The seven-headed hydra bites you but does no damage.
The seven-headed hydra completely misses you.
The seven-headed hydra bites you.
* * * LOW HITPOINT WARNING * * *
The seven-headed hydra closely misses you.
The seven-headed hydra bites you!
You die...

###...................
#...............###.#
##...................
#.......#..P........
#...................
#...#.............#.
##.....D.Z...........
#.○°#..###........P..
#.°@###.##........P##
##D○°........%.......
#<###.#.............
#............†.......
#P..P..P.#...........
##...................
...##.#...#P........
#...................
#...##....?.........


You could see a seven-headed hydra.

Vanquished Creatures
  A hydra (Lair:2)
  4 two-headed ogres
  A death yak (Lair:2)
  Sonja (Lair:2)
  A flayed ghost (D:8)
  An unseen horror (D:8)
  Pikel (D:6)
  3 spiny frogs
  5 elephants (Lair:2)
  A rime drake (Lair:2)
  A komodo dragon (Lair:2)
  4 trolls
  A polar bear (Lair:2)
  4 blink frogs (Lair:1)
  3 hippogriffs
  17 yaks
  5 wraiths (D:8)
  A spriggan (D:7)
  10 fire bats (D:8)
  3 basilisks (Lair:1)
  A steam dragon (D:9)
  6 nagas (Lair:2)
  8 water moccasins
  6 porcupines
  2 orc warriors
  A black bear (D:9)
  A necrophage (D:10)
  An ice beast (D:10)
  2 sky beasts
  A phantom (D:7)
  3 ogres
  4 wolves
  6 centaurs
  6 crocodiles
  A big kobold (D:9)
  7 bullfrogs
  A gnoll sergeant (D:8)
  A water moccasin skeleton (D:5)
  A killer bee (D:8)
  4 scorpions
  A howler monkey (D:8)
  A wight (D:6)
  3 crimson imps
  A quasit (D:8)
  7 hounds
  2 jellies
  7 orc priests
  10 orc wizards
  2 bullfrog skeletons
  2 iguanas
  3 worker ants
  A hound zombie (D:9)
  2 hound skeletons
  A howler monkey zombie (D:8)
  A worker ant zombie (D:9)
  8 gnolls
  8 adders
  A shadow imp (D:8)
  An ooze (D:4)
  2 adder skeletons
  An adder zombie (D:9)
  2 worms
  A dart slug (D:2)
  5 leopard geckos
  25 orcs
  5 ball pythons
  10 giant cockroaches
  6 hobgoblins
  7 jackals
  10 kobolds
  2 quokkas
  50 bats
  5 frilled lizards
  8 rats
332 creatures vanquished.

Vanquished Creatures (collateral kills)
  A two-headed ogre (D:8)
  An elephant (Lair:2)
  A rime drake (Lair:2)
  A komodo dragon (Lair:2)
  Prince Ribbit (D:6)
  Grinder (D:3)
  Sigmund (D:2)
  A yak (Lair:3)
  A naga (Lair:2)
  A porcupine (Lair:2)
  2 sky beasts
  2 ice beasts (D:8)
  3 ogres
  A centaur (D:8)
  4 crocodiles
  A hound (D:8)
  A worker ant (D:8)
  A howler monkey zombie (D:8)
  A shadow imp (D:8)
  A dart slug (D:3)
  2 orcs
  A bat (D:8)
  A jackal (D:2)
  A quokka (D:8)
  3 kobolds
35 creatures vanquished.

Vanquished Creatures (others)
  A centaur (D:8)
  A worm (D:2)
  An orc (D:5)
  A goblin (D:2)
  2 jackals (D:2)
  3 plants (Lair:2)
  9 toadstools (Lair:3)
18 creatures vanquished.

Grand Total: 385 creatures vanquished

Notes
Turn   | Place    | Note
-------+----------+-------------------------------------------
     0 | D:1      | Auros the Draconian Transmuter began the quest for the Orb.
     0 | D:1      | Reached XP level 1. HP: 16/16 MP: 3/3
   458 | D:1      | Reached XP level 2. HP: 21/23 MP: 5/5
  1271 | D:2      | Found an ancient bone altar of Kikubaaqudgha.
  1320 | D:2      | Found a blossoming altar of Fedhas.
  1320 | D:2      | Found a stormy altar of Qazlal.
  1753 | D:2      | Reached XP level 3. HP: 16/28 MP: 6/6
  2262 | D:2      | Learned a level 3 spell: Spider Form
  2265 | D:2      | Learned a level 2 spell: Sticks to Snakes
  2321 | D:2      | Reached XP level 4. HP: 30/35 MP: 5/7
  2621 | D:2      | Noticed Sigmund
  2642 | D:2      | Killed Sigmund
  2642 | D:2      | Reached skill level 5 in Transmutations
  2642 | D:2      | Reached XP level 5. HP: 33/40 MP: 1/8
  3156 | D:3      | Noticed Grinder
  3169 | D:3      | Paralysed by Grinder for 5 turns
  3177 | D:3      | Paralysed by Grinder for 2 turns
  3292 | D:3      | Found an ancient bone altar of Kikubaaqudgha.
  3411 | D:3      | Paralysed by Grinder for 5 turns
  3412 | D:3      | Killed Grinder
  3412 | D:3      | Reached XP level 6. HP: 50/50 MP: 1/9
  3420 | D:3      | Found a snail-covered altar of Cheibriados.
  3561 | D:3      | Found a glowing drain.
  3699 | D:3      | Found an ornate altar of the Wu Jian Council.
  3702 | D:3      | Became a worshipper of the Wu Jian Council
  3726 | D:3      | Reached skill level 4 in Unarmed Combat
  3942 | D:3      | Found a glowing silver altar of Zin.
  3975 | D:3      | Found a shimmering blue altar of Sif Muna.
  4246 | D:3      | Upgraded the game from 0.25-a0-592-g443c2f7 to
                  | 0.25-a0-597-gb30770a
  4663 | D:4      | Your scales start taking on a pale cyan-grey colour.
  4663 | D:4      | Reached XP level 7. HP: 54/59 MP: 7/10
  4932 | D:4      | Reached skill level 5 in Unarmed Combat
  4998 | D:4      | Found a runed translucent door.
  5000 | D:4      | Noticed dotty's ghost (novice DsBe)
  5332 | D:4      | Reached skill level 5 in Fighting
  5343 | D:5      | Entered Level 5 of the Dungeon
  5478 | D:5      | Found a bloodstained altar of Trog.
  5725 | D:5      | Reached skill level 6 in Unarmed Combat
  5725 | D:5      | Reached XP level 8. HP: 33/69 MP: 7/11
  5938 | D:5      | Reached * piety under Wu Jian
  6126 | D:5      | Found a white marble altar of Elyvilon.
  6299 | D:5      | Found a sparkling altar of Nemelex Xobeh.
  6530 | D:5      | Found a staircase to the Ecumenical Temple.
  7204 | D:6      | Noticed Prince Ribbit
  7214 | D:6      | Killed Prince Ribbit
  7278 | D:6      | Found a basalt altar of Yredelemnul.
  7437 | D:6      | Reached skill level 7 in Unarmed Combat
  7565 | D:6      | Noticed Pikel
  7596 | D:6      | Killed Pikel
  7596 | D:6      | Reached XP level 9. HP: 55/79 MP: 9/12
  7880 | D:7      | Found a radiant altar of Vehumet.
  7924 | D:7      | Got a crystal mace
  7925 | D:7      | Identified the cursed +1 mace "Impslayer" {freeze, +Inv rF+
                  | Str+3} (You found it on level 7 of the Dungeon)
  7957 | D:7      | Learned a level 3 spell: Spider Form
  8074 | D:7      | Found a glowing golden altar of the Shining One.
  9031 | D:7      | Learned a level 1 spell: Animate Skeleton
  9827 | D:8      | Found a white marble altar of Elyvilon.
  9834 | D:8      | Noticed a two-headed ogre
  9836 | D:8      | Noticed a two-headed ogre
 10202 | D:8      | Killed a two-headed ogre
 10202 | D:8      | Reached XP level 10. HP: 86/86 MP: 9/13
 10291 | D:8      | Killed a two-headed ogre
 10291 | D:8      | Reached skill level 10 in Transmutations
 10302 | D:8      | Learned a level 5 spell: Blade Hands
 10302 | D:8      | Reached ** piety under Wu Jian
 10737 | D:8      | Found a stormy altar of Qazlal.
 10751 | D:8      | Reached *** piety under Wu Jian
 11162 | D:8      | Found a runed translucent door.
 11193 | D:8      | Found a hazy altar of Hepliaklqana.
 11198 | D:8      | Found a shimmering altar of Xom.
 11219 | D:8      | Killed an unseen horror
 11558 | D:8      | Noticed a flayed ghost
 11560 | D:8      | Noticed a two-headed ogre
 11566 | D:8      | Killed a two-headed ogre
 11566 | D:8      | Reached skill level 8 in Unarmed Combat
 11566 | D:8      | Reached XP level 11. HP: 34/92 MP: 2/15
 11838 | D:8      | Killed a flayed ghost
 11843 | D:8      | Identified the Almanac of Freezing Sinister Magic
 12039 | D:8      | Found an ornate altar of the Wu Jian Council.
 12047 | D:8      | Found an opulent altar of Gozag.
 12095 | D:8      | Found a white marble altar of Elyvilon.
 12495 | D:9      | Found Caacsic's General Store.
 12567 | D:9      | Found Appoles's Weapon Boutique.
 12576 | D:9      | Found Giedon's Food Shoppe.
 12663 | D:9      | Noticed a two-headed ogre
 12673 | D:9      | Killed a two-headed ogre
 13205 | D:9      | Noticed a two-headed ogre
 13214 | D:9      | Killed a two-headed ogre
 13300 | D:9      | Learned a level 3 spell: Frozen Ramparts
 13366 | D:9      | Reached **** piety under Wu Jian
 13444 | D:9      | Noticed a red ugly thing
 13641 | D:10     | Entered Level 10 of the Dungeon
 13665 | D:9      | Reached skill level 1 in Ice Magic
 13685 | D:10     | Reached skill level 9 in Unarmed Combat
 13685 | D:10     | Reached skill level 5 in Evocations
 14318 | D:9      | Reached skill level 5 in Spellcasting
 14578 | D:10     | Found a staircase to the Lair.
 14591 | Lair:1   | Entered Level 1 of the Lair of Beasts
 15690 | D:10     | Learned a level 4 spell: Ice Form
 16809 | D:10     | Learned a level 1 spell: Apportation
 17574 | D:9      | Reached skill level 10 in Unarmed Combat
 18031 | Lair:1   | Reached XP level 12. HP: 91/100 MP: 19/19
 18299 | Lair:1   | Reached skill level 11 in Unarmed Combat
 19853 | Lair:2   | Reached skill level 12 in Unarmed Combat
 19983 | Lair:2   | Reached ***** piety under Wu Jian
 19999 | Lair:2   | Found a staircase to the Snake Pit.
 20390 | Lair:2   | Noticed a four-headed hydra
 20399 | Lair:2   | Killed a four-headed hydra
 20399 | Lair:2   | Reached skill level 13 in Unarmed Combat
 20697 | Lair:2   | Noticed a death yak
 20704 | Lair:2   | Killed a death yak
 20812 | Lair:2   | Noticed Sonja
 21326 | Lair:3   | Noticed a seven-headed hydra
 21456 | Lair:2   | Killed Sonja
 21456 | Lair:2   | Reached skill level 14 in Unarmed Combat
 21597 | Lair:3   | Slain by a seven-headed hydra

Levels and vault maps discovered:
D:1:      lightli_arrival_lavapool, layout_basic, minivault_24
D:2:      layout_basic, grunt_temple_overflow_forces_of_nature,
          kiku_gazebo_garden_becter, lemuel_old_faithful, uniq_sigmund
D:3:      layout_rooms, kennysheep_slug_shrine, old_standard_altar, zin_academy,
          lemuel_doored_altar, portal_sewer_entry_a, lemuel_altar_in_water,
          uniq_grinder
D:4:      layout_cave_pools, ebering_ghost_reflecting_pool
D:5:      layout_cave_pods, elyvilon_altar_4, bloody_trog,
          nemelex_xobeh_ov_fountains_minmay, minmay_temple_entry_trees,
          first_ration
D:6:      minmay_evil_eye, layout_basic, basic_altar, uniq_prince_ribbit1,
          uniq_pikel
D:7:      layout_basic, lemuel_round_altar, vehumet_crystals,
          kennysheep_pointless_box, the_bakery
D:8:      due_megacathedral, layout_basic, basic_altar,
          minmay_misc_feat_columns, minmay_joined_circles
D:9:      minmay_chambers_of_sevens, layout_loops_ring, serial_shops,
          nicolae_shop_waterfront, shop, shop, moated_statue
D:10:     lemuel_flame_loot_2, layout_basic, minmay_lair_entry_grove
Lair:1:   layout_loops_ring, serial_bayou_shore_b
Lair:2:   layout_concentric_octagons, minmay_snake_entry_guardpost_medium,
          minmay_shattered_shrine, minmay_lair_oklob_chamber,
          serial_bayou_shore_b, grunt_megastairs_3, uniq_sonja
Lair:3:   gammafunk_lair_enchanted_lake, layout_long_grid,
          nicolae_volcano_entry_hallway, ebering_ghost_rock_garden,
          beast_lair_carwin_11, serial_bayou_shore_a

Skill      XL: |  1  2  3  4  5  6  7  8  9 10 11 12 |
---------------+-------------------------------------+-----
Transmutations | 3 4 5 9 12 | 12.0
Fighting       | 2 4 5 7 |  7.6
Unarmed Combat | 4 6 7 8 10 14 | 14.0
Dodging        | 2 4 |  4.9
Evocations     | 2 6 |  6.0
Spellcasting   | 3 5 |  5.0
Ice Magic      | 3 |  3.1

Action                   |  1- 3 |  4- 6 |  7- 9 | 10-12 || total
-------------------------+-------+-------+-------+-------++-------
Melee: Unarmed           |   126 |   157 |   378 |   824 ||  1485
       Kick              |     7 |     3 |     7 |    12 ||    29
       Tailslap          |    17 |    11 |    36 |    86 ||   150
       Headbutt          |     3 |     2 |     5 |       ||    10
       Punch             |     1 |       |    10 |    31 ||    42
       Mace              |       |       |     8 |       ||     8
Throw: Stone             |       |       |       |     1 ||     1
 Cast: Beastly Appendage |     7 |     6 |    11 |     3 ||    27
       Sticks to Snakes  |       |    11 |     5 |     5 ||    21
       Spider Form       |       |     8 |    12 |       ||    20
       Animate Skeleton  |       |       |     3 |    40 ||    43
       Blade Hands       |       |       |       |    29 ||    29
       Apportation       |       |       |       |     9 ||     9
       Frozen Ramparts   |       |       |       |    16 ||    16
       Ice Form          |       |       |       |     3 ||     3
Invok: Lunge             |       |     7 |    37 |    64 ||   108
       Whirlwind         |       |       |       |   155 ||   155
 Abil: Breathe Steam     |       |       |     9 |    27 ||    36
       Wall Jump         |       |       |       |    77 ||    77
Evoke: Wand              |       |       |       |     7 ||     7
  Use: Scroll            |     1 |     2 |     8 |     8 ||    19
       Potion            |       |     1 |       |     1 ||     2
 Stab: Sleeping          |       |       |       |     3 ||     3
       Distracted        |       |       |       |     4 ||     4
  Eat: Chunk             |     3 |    11 |    17 |    43 ||    74
       Ration            |       |       |     1 |     3 ||     4
Armor: Skin              |    30 |    41 |    90 |   232 ||   393
Dodge: Dodged            |    72 |   115 |   221 |   509 ||   917
Block: Other             |    12 |    22 |    47 |    92 ||   173
       Reflection        |     1 |     1 |     4 |     3 ||     9

Table legend:
 A = Non-vault XP
 B = Vault XP
 C = Vault XP percentage of total XP
 D = Non-vault monster count
 E = Vault monster count
 F = Vault count percentage of total count
                 A         B        C        D         E       F
            +---------+---------+-------+---------+---------+-------
      Total |   22394 |   13179 |  37.0 |     292 |      77 |  20.9
            +---------+---------+-------+---------+---------+-------
        D:1 |      21 |       0 |   0.0 |      11 |       0 |   0.0
        D:2 |     108 |     116 |  51.8 |      25 |       1 |   3.8
        D:3 |     201 |     172 |  46.1 |      23 |       8 |  25.8
        D:4 |     470 |       0 |   0.0 |      17 |       0 |   0.0
        D:5 |     616 |       0 |   0.0 |      25 |       0 |   0.0
        D:6 |     410 |    1140 |  73.5 |      12 |       6 |  33.3
        D:7 |     625 |     205 |  24.7 |      10 |       1 |   9.1
        D:8 |    4250 |    4078 |  49.0 |      76 |      23 |  23.2
        D:9 |    4606 |    1111 |  19.4 |      36 |      12 |  25.0
       D:10 |    1360 |     669 |  33.0 |      14 |       6 |  30.0
     Lair:1 |    4489 |       0 |   0.0 |      23 |       0 |   0.0
     Lair:2 |    4563 |    5688 |  55.5 |      15 |      20 |  57.1
     Lair:3 |     675 |       0 |   0.0 |       5 |       0 |   0.0
            +---------+---------+-------+---------+---------+-------
